AoeStats
← Gericault667

Black Forest

510290977Analyzed
4v4 RM · 6h ago on Sep 30, 2026· 14m 3s· 8 players
Game mode
Random Map
Map size
Large (8 player)
Population
200
Speed
Normal
Resources
Standard
Victory
Conquest
Starting age
Dark Age
Ending age
Imperial Age
RankedLock teamsTeams togetherTeam positionsShared explorationLock speedFull tech treeHidden civsTurbo modeCheats
Victory
Defeat
🇮🇳 Spanish · India
1577
+10
🇫🇷 Britons · France
1535
+12
🇨🇳 Inca · China
1530
+12
🇫🇷 Japanese · France
1329
+21
🇻🇳 Sicilians · Vietnam
1464
-15
🇦🇷 Mongols · Argentina
1446
-14
🇹🇷 Goths · Türkiye
1422
-13
🇯🇵 Khmer · Japan
1413
-13
TakEru
10:45 Feudal Age
12:26 Double-Bit Axe
12:33 Double-Bit Axe
15:26 Castle Age
Sir Dancealot
0:42 Loom
12:09 Feudal Age
hirai
10:33 Feudal Age
13:37 Castle Age
11:44 Double-Bit Axe
11:52 Horse Collar
PocaChota
7:05 Loom
9:22 Feudal Age
9:31 Man-at-Arms
9:57 Double-Bit Axe
10:53 Arson
Gericault667
0:49 Loom
9:41 Feudal Age
10:37 Man-at-Arms
11:40 Forging
11:55 Arson
快乐不易
10:33 Feudal Age
11:43 Double-Bit Axe
12:56 Fishing Lines
14:24 Fletching
The Sage
11:06 Feudal Age
14:48 Castle Age
13:45 Double-Bit Axe
13:40 Horse Collar
13:42 Fishing Lines
retaux
11:43 Feudal Age
15:18 Castle Age
13:19 Double-Bit Axe
Connection lost

Rejoining the realm…

Still unreachable

The connection could not be restored.

Session expired

The server has moved on; the page needs a fresh start.